 Dungeon Crawl Stone Soup version 0.22-a0-247-gbddf880 (webtiles) character file.

223 nikopol the Magician (level 5, -12/28 HPs)
             Began as a Deep Elf Fire Elementalist on Feb 27, 2018.
             Killed by divine providence
             ... invoked by an orc priest
              (15 damage)
             ... on level 4 of the Dungeon.
             The game lasted 00:11:03 (3473 turns).

nikopol the Magician (Deep Elf Fire Elementalist)   Turns: 3473, Time: 00:11:04

Health: -12/28     AC:  3    Str:  5    XL:     5   Next: 66%
Magic:  2/14       EV: 13    Int: 21    God:
Gold:   150        SH:  0    Dex: 15    Spells: 3/13 levels left

rFire    . . .     SeeInvis .   t - staff of energy
rCold    . . .     Gourm    .   (no shield)
rNeg     . . .     Faith    .   a - +0 robe
rPois    .         Spirit   .   (no helmet)
rElec    .         Reflect  .   (no cloak)
rCorr    +         Harm     .   p - +0 pair of gloves
MR       .....                  (no boots)
Stlth    ++........             (no amulet)
HPRegen  0.09/turn              d - ring of resist corrosion
MPRegen  0.14/turn              (no ring)

@: no status effects
A: no striking features
a: no special abilities


You were on level 4 of the Dungeon.
You were near starving.

You visited 1 branch of the dungeon, and saw 4 of its levels.

You collected 150 gold pieces.

Inventory:

Armour
 a - a +0 robe (worn)
 p - a +0 pair of gloves (worn)
Magical Staves
 t - an uncursed staff of energy (weapon)
Jewellery
 d - a ring of resist corrosion (left hand)
 e - an uncursed ring of magical power {unknown}
Scrolls
 h - 4 scrolls of identify
 j - 2 scrolls of teleportation
 k - 2 scrolls of immolation {unknown}
 l - a scroll of fog {unknown}
 n - 3 scrolls of remove curse
 o - 2 scrolls of magic mapping {unknown}
 q - a scroll of enchant armour {unknown}
Potions
 c - 2 potions of heal wounds
 f - a potion of degeneration {unknown}
 g - 2 potions of magic {unknown}
 m - a potion of curing {unknown}
 r - 2 potions of haste {unknown}
Comestibles
 b - 4 rations


   Skills:
 + Level 0.5 Fighting
 + Level 3.2 Dodging
 + Level 3.4 Stealth
 + Level 4.9 Spellcasting
 + Level 2.9 Conjurations
 + Level 4.5 Fire Magic


You had 3 spell levels left.
You knew the following spells:

 Your Spells              Type           Power        Failure   Level  Hunger
a - Flame Tongue          Conj/Fire      ###..        2%          1    None
b - Throw Flame           Conj/Fire      ###...       3%          2    None
c - Conjure Flame         Conj/Fire      ###.....     7%          3    None
d - Sticky Flame          Conj/Fire      ###.....     22%         4    None


Dungeon Overview and Level Annotations

Branches:
Dungeon (4/15)
 Temple: D:4-7

Altars:
Fedhas
Ru
Trog
Zin
Lugonu

Portals:
Abyss: D:1


Message History

The puff of flame hits the orc priest.
The orc priest is severely wounded.
Casting: Throw Flame (safe; 3% risk of failure)
Confirm with . or Enter, or press ? or * to list all spells.
Aiming: Flame Tongue (safe; 2% risk of failure)
Press: ? - help, Shift-Dir - straight line, f/p - orc priest
Aim: an orc priest, wielding a mace of protection and wearing a leather armour (severely wounded)
The flame tongue hits the orc priest.
The orc priest appears unharmed.
The orc priest is severely wounded.
Casting: Flame Tongue (safe; 2% risk of failure)
Confirm with . or Enter, or press ? or * to list all spells.
Aiming: Flame Tongue (safe; 2% risk of failure)
Press: ? - help, Shift-Dir - straight line, f/p - orc priest
Aim: an orc priest, wielding a mace of protection and wearing a leather armour (severely wounded)
The flame tongue hits the orc priest.
The orc priest appears unharmed.
The orc priest is severely wounded.
The orc priest invokes the aid of Beogh against you.
Beogh smites you!
Ouch! That really hurt!
You die...

###### .....#
####.# ##.##
##.#.##
##.###.###########
..## ##..........#
##.# #.#########@#
#...### ######ยง##
#............ooo#
###...##########..#
.<....... #..#
###...... #..#
#.....> #..# ....
#..# ... #..#


You could see an orc priest and 2 orcs.

Vanquished Creatures
  The ghost of nikopol the Firebug, an amateur DEFE (D:3)
  4 gnolls (D:3)
  4 adders
  2 oozes
  3 worms
  A dart slug (D:4)
  3 leopard geckos (D:3)
  An orc (D:4)
  4 bats
  2 giant cockroaches
  10 goblins
  9 hobgoblins
  7 kobolds
  3 frilled lizards
  6 rats
60 creatures vanquished.

Notes
Turn   | Place    | Note
-------+----------+-------------------------------------------
     0 | D:1      | nikopol the Deep Elf Fire Elementalist began the quest for the Orb.
     0 | D:1      | Reached XP level 1. HP: 10/10 MP: 6/6
   146 | D:1      | Reached XP level 2. HP: 15/15 MP: 5/8
   824 | D:1      | Found a corrupted altar of Lugonu.
   824 | D:1      | Found a one-way gate to the infinite horrors of the Abyss.
   824 | D:1      | Noticed a demonic crawler
   825 | D:1      | Noticed a demonic crawler
  1033 | D:2      | Reached XP level 3. HP: 19/19 MP: 4/9
  1038 | D:2      | Learned a level 2 spell: Throw Flame
  1042 | D:2      | Learned a level 3 spell: Conjure Flame
  1749 | D:2      | Found a faded altar of an unknown god.
  1853 | D:2      | Reached XP level 4. HP: 24/24 MP: 9/11
  2402 | D:3      | Learned a level 4 spell: Sticky Flame
  2599 | D:3      | Found a blossoming altar of Fedhas.
  2796 | D:3      | Found a sacrificial altar of Ru.
  2925 | D:3      | Reached XP level 5. HP: 28/28 MP: 11/13
  2989 | D:3      | Noticed an angel
  2990 | D:3      | Found a glowing silver altar of Zin.
  3150 | D:3      | Found a bloodstained altar of Trog.
  3150 | D:3      | Noticed nikopol's ghost (amateur DEFE)
  3159 | D:3      | Killed nikopol's ghost
  3417 | D:4      | Noticed a slave
  3473 | D:4      | Killed from afar by an orc priest

Vault maps used:
D:1:      erik_arrival_cave_to_civilisation, minmay_misc_feat_four_crosses
D:2:      chequers_ecumenical_altar_simple_redux
D:3:      nicolae_ru_awakened_eye, old_standard_altar, zin_angel,
          fedhas_altar_fruit_tree
D:4:      kennysheep_the_goblin_king, nrook_loot_triangle, uniq_pikel

Skill      XL: |  1  2  3  4 |
---------------+-------------+-----
Fire Magic     | 4 |  4.5
Stealth        | 3 |  3.4
Spellcasting   | 4 |  4.9
Conjurations   | 2 |  2.9
Dodging        | 3 |  3.2
Fighting       | |  0.5

Action                   |  1- 3 |  4- 6 || total
-------------------------+-------+-------++-------
 Cast: Flame Tongue      |    70 |    58 ||   128
       Throw Flame       |       |     5 ||     5
       Conjure Flame     |       |     3 ||     3
  Use: Scroll            |       |     3 ||     3
  Eat: Chunk             |     3 |     3 ||     6
Armor: Robe              |       |     2 ||     2
Dodge: Dodged            |    15 |     7 ||    22

Table legend:
 A = Spawn XP
 B = Non-spawn XP
 C = Spawn XP percentage of total XP
 D = Spawn monster count
 E = Non-spawn monster count
 F = Spawn count percentage of total count
 G = Total turns spent on level
                    A         B        C        D         E        F      G
               +---------+---------+-------+---------+---------+-------+---------
         Total |       0 |     319 |   0.0 |       0 |      60 |   0.0 |  3473
               +---------+---------+-------+---------+---------+-------+---------
           D:1 |       0 |      37 |   0.0 |       0 |      18 |   0.0 |  1020
           D:2 |       0 |      66 |   0.0 |       0 |      23 |   0.0 |  1382
           D:3 |       0 |     209 |   0.0 |       0 |      17 |   0.0 |   981
           D:4 |       0 |       7 |   0.0 |       0 |       2 |   0.0 |    90
               +---------+---------+-------+---------+---------+-------+---------
